 Dungeon Sprint DCSS version 0.30-a0-1161-g0704695555 (webtiles) character file.

Game seed: 2169633982866408403

2400000 123456 the Intangible (level 17, -4/171 HPs)
             Began as a Demonspawn Gladiator on Apr 27, 2023.
             Was a High Priest of Makhleb.
             Slain by a large bag of meat
             ... wielding a +9 giant spiked club
              (33 damage)
             ... in the Dungeon (Sprint VIII: "Arena of Blood").
             The game lasted 00:00:31 (24 turns).

123456 the Intangible (Demonspawn Gladiator)          Turns: 24, Time: 00:00:32

Health: -4/171     AC:  3    Str: 15    XL:     17   Next: 59%
Magic:  17/17      EV: 32    Int: 11    God:    Makhleb [*****.]
Gold:   0          SH:  0    Dex: 21    Spells: 16/16 levels left

rFire   . . .        k - +∞ Axe of Woe
rCold   . . .        (shield currently unavailable)
rNeg    . . .        a - +0 leather armour
rPois   .            (helmet restricted)
rElec   .            (no cloak)
rCorr   .            (no gloves)
SInv    .            (no boots)
Will    +....        (no amulet)
Stlth   ++           (no ring)
HPRegen 5.48/turn    (no ring)
MPRegen 0.15/turn

%: no teleportation
@: no status effects
A: antennae 1, hooves 2, ignite blood 3, powered by death 1, weakness stinger 2
a: Renounce Religion, Minor Destruction, Lesser Servant of Makhleb, Major
Destruction, Greater Servant of Makhleb


You were in the Dungeon.
You worshipped Makhleb.
Makhleb was extremely pleased with you.
You visited 1 branch

Inventory:

Hand Weapons
 k - the +∞ Axe of Woe (weapon)
   (You found it in the Dungeon)
Missiles
 c - 3 throwing nets (quivered)
 d - a javelin
Armour
 a - a +0 leather armour (worn)
 b - a +0 helmet
Scrolls
 j - a scroll of blinking
Potions
 e - a potion of curing
 f - a potion of heal wounds
 g - a potion of haste
 h - 2 potions of magic
 i - a potion of berserk rage


   Skills:
 + Level 25.8 Fighting
 + Level 22.9 Axes
 + Level 20.3 Throwing
 O Level 27 Dodging
 O Level 27 Unarmed Combat


You had 16 spell levels left.
You didn't know any spells.
Your spell library was empty.

Dungeon Overview and Level Annotations

Branches:
Dungeon (1/1)

Altars:
Makhleb


Innate Abilities, Weirdness & Mutations

You have a pair of small antennae on your head.
You have hoof-like feet.
Your demonic aura causes all spilled blood to erupt in flames.
You regenerate a little health from kills.
You have a tail ending in a sharp stinger.


Message History

Makhleb accepts your kill.
You hear a shout! x6
A bag of meat comes into view. It is wielding a +9 war axe.
You hear a shout!
A bag of meat comes into view. It is wielding a +9 war axe.
The bag of meat is engulfed in blazing flames.
The meat berserker is engulfed in blazing flames.
You hear a shout! x3; You hear two shouts!
Unknown command.
Unknown command.
Unknown command.
A bag of meat and a large bag of meat come into view.
The bag of meat shouts!
The large bag of meat shouts in stereo!
You hear a shout! x3
A meat berserker comes into view. It is wielding a +9 battleaxe.
The destroyer gestures at you while chanting.
The destroyer blinks!
The meat berserker is engulfed in blazing flames.
The meat berserker closely misses you.
You hear a shout!
A bag of meat comes into view. It is wielding a +9 war axe.
The bag of meat is engulfed in blazing flames. x2
The bag of meat hits you with a +9 war axe!
A large bag of meat comes into view. It is wielding a +9 giant spiked club.
You hear a shout! x2
Things that are here:
a +9 war axe; a +30 ring of slaying You hear a shout! x2
The meat berserker is engulfed in blazing flames.
The meat berserker hits you with a +9 battleaxe!!!
You hear a shout! x3
The bag of meat is engulfed in blazing flames.
The bag of meat closely misses you.
The large bag of meat is engulfed in blazing flames.
Flame seeps out of the large bag of meat.
The large bag of meat hits you with a +9 giant spiked club!!!!
Ouch! That really hurt!
* * * LOW HITPOINT WARNING * * *
The large bag of meat hits you with a +9 giant spiked club!!
You die...

#. ...# #.O ...#
...... .###..
...###.O..o.
......###.........O.
......_............
#...))#.......#.
#_.V)_#○........
.#...))#☼oO...#.#
......O...o@Oo.....
......###.VO○Oo...#.
.###......o###§..O..
#.......# ......
#.....OO# .....
......... ..o.o
......... ...#
......... ...#
.....oo


You could see 2 destroyers, 4 large bags of meat, 5 meat berserkers and 8 bags
of meat.

Vanquished Creatures
  A vampire knight (D)
  6 ogres (D)
  12 orcs (D)
19 creatures vanquished.

Notes
Turn   | Place    | Note
-------+----------+-------------------------------------------
     0 | D        | Found the +∞ Axe of Woe
     0 | D        | 123456 the Demonspawn Gladiator began the quest for the
                  | Orb.
     0 | D        | Reached XP level 1. HP: 16/16 MP: 1/1
     1 | D        | Noticed a meat berserker
     1 | D        | Noticed a meat berserker
     2 | D        | Noticed a meat berserker
     2 | D        | Noticed a bag of meat
     4 | D        | Killed a meat berserker
     4 | D        | Killed a meat berserker
     4 | D        | Noticed a meat berserker
     4 | D        | Noticed a bag of meat
     5 | D        | Discovered your monstrous ancestry.
     5 | D        | Gained mutation: You have a small tail. [demonic ancestry]
     5 | D        | Reached XP level 2. HP: 38/38 MP: 2/2
     5 | D        | Reached XP level 3. HP: 44/44 MP: 3/3
     5 | D        | Reached XP level 4. HP: 51/51 MP: 4/4
     5 | D        | Reached XP level 5. HP: 57/57 MP: 5/5
     5 | D        | Gained mutation: You have a tail ending in a sharp stinger.
                  | [demonic ancestry]
     5 | D        | Reached XP level 6. HP: 64/64 MP: 6/6
     5 | D        | Gained mutation: Your demonic aura sometimes causes spilled
                  | blood to erupt in flames. [demonic ancestry]
     5 | D        | Reached XP level 7. HP: 70/70 MP: 7/7
     5 | D        | Gained mutation: You regenerate a little health from kills.
                  | [demonic ancestry]
     5 | D        | Reached XP level 8. HP: 76/76 MP: 8/8
     5 | D        | Reached XP level 9. HP: 82/82 MP: 9/9
     5 | D        | Reached XP level 10. HP: 89/89 MP: 10/10
     5 | D        | Gained mutation: You have a pair of small antennae on your
                  | head. [demonic ancestry]
     5 | D        | Reached XP level 11. HP: 95/95 MP: 11/11
     5 | D        | Gained mutation: You have large cloven feet. [demonic
                  | ancestry]
     5 | D        | Reached XP level 12. HP: 102/102 MP: 12/12
     5 | D        | Gained mutation: Your demonic aura often causes spilled
                  | blood to erupt in flames. [demonic ancestry]
     5 | D        | Reached XP level 13. HP: 108/108 MP: 13/13
     5 | D        | Killed a meat berserker
     5 | D        | Noticed a bag of meat
     5 | D        | Noticed a meat berserker
     6 | D        | Reached skill level 5 in Axes
     6 | D        | Became a worshipper of Makhleb the Destroyer
     6 | D        | Noticed a bag of meat
     7 | D        | Killed a meat berserker
     7 | D        | Killed a bag of meat
     7 | D        | Reached * piety under Makhleb
     7 | D        | Noticed a bag of meat
     7 | D        | Noticed a bag of meat
     8 | D        | Gained mutation: You have hoof-like feet. [demonic
                  | ancestry]
     8 | D        | Reached XP level 14. HP: 51/121 MP: 14/14
     8 | D        | Killed a meat berserker
     9 | D        | Reached skill level 15 in Fighting
     9 | D        | Reached XP level 15. HP: 59/130 MP: 15/15
    10 | D        | Reached ** piety under Makhleb
    11 | D        | Reached skill level 10 in Axes
    12 | D        | Reached *** piety under Makhleb
    12 | D        | Noticed a meat berserker
    13 | D        | Reached skill level 15 in Throwing
    13 | D        | Reached skill level 27 in Dodging
    13 | D        | Reached skill level 27 in Unarmed Combat
    13 | D        | Gained mutation: Your demonic aura causes all spilled blood
                  | to erupt in flames. [demonic ancestry]
    13 | D        | Reached XP level 16. HP: 144/145 MP: 16/16
    13 | D        | Killed a meat berserker
    14 | D        | Reached skill level 15 in Axes
    14 | D        | Noticed a destroyer
    16 | D        | Noticed a large bag of meat
    17 | D        | Killed a destroyer
    17 | D        | Noticed a destroyer
    18 | D        | Noticed a meat berserker
    18 | D        | Reached **** piety under Makhleb
    19 | D        | Reached XP level 17. HP: 164/164 MP: 17/17
    19 | D        | Noticed a meat berserker
    20 | D        | Reached ***** piety under Makhleb
    20 | D        | Noticed a destroyer
    20 | D        | Noticed a meat berserker
    20 | D        | Noticed a meat berserker
    21 | D        | Noticed a large bag of meat
    21 | D        | Noticed a meat berserker
    23 | D        | Noticed a large bag of meat
    23 | D        | Noticed a meat berserker
    23 | D        | Noticed a large bag of meat
    24 | D        | Slain by a large bag of meat

Illustrated notes

Levels and vault maps discovered:
D:        meatsprint

Skill      XL: |  1  2  3  4  5  6  7  8  9 10 11 12 13 14 15 16 17 |
---------------+----------------------------------------------------+-----
Fighting       | 12 14 15 18 23 25 | 25.8
Axes           | 4 6 8 12 19 22 | 22.9
Throwing       | 11 13 15 18 20 | 20.3
Dodging        | 19 23 24 27 | 27.0
Unarmed Combat | 19 23 24 27 | 27.0

Action                     |  1- 3 |  4- 6 |  7- 9 | 10-12 | 13-15 | 16-18 || total
---------------------------+-------+-------+-------+-------+-------+-------++-------
  Melee: Executioner's axe |     1 |       |       |       |     7 |     6 ||    14
  Dodge: Dodged            |       |       |       |       |       |     2 ||     2

Table legend: (Time is in decaauts)
 A = Elapsed time spent in this place.
 B = Non-inter-level travel time spent in this place.
 C = Inter-level travel time spent in this place.
 D = Time resting spent in this place.
 E = Time spent auto-exploring this place.
 F = Levels seen in this place.
 G = Mean time per level.
                   A        B        C        D        E       F      G
               +--------+--------+--------+--------+--------+-----+--------+
         Total |     28 |     28 |      0 |      0 |      0 |   1 |   28.0 |
       Dungeon |     28 |     28 |      0 |      0 |      0 |   1 |   28.0 |
               +--------+--------+--------+--------+--------+-----+--------+

Top non-repeatable levels by time:
       D: 28 daAuts
